 Dungeon Crawl Stone Soup version 0.24.0-123-gd5b16e6ec5 (webtiles) character file.

Game seed: 17529507935824961726, levelgen mode: deterministic

8146 Norian the Thaumaturge (level 11, -5/60 HPs)
             Began as a Deep Elf Conjurer on Dec 20, 2019.
             Was a Priest of Vehumet.
             Killed by an exploding fulminant prism (34 damage)
             ... created by the player character
             ... on level 10 of the Dungeon.
             The game lasted 00:28:29 (10341 turns).

Norian the Thaumaturge (Deep Elf Conjurer)         Turns: 10341, Time: 00:28:30

Health: -5/60      AC:  7    Str: 12    XL:     11   Next: 6%
Magic:  15/29      EV: 15    Int: 21    God:    Vehumet [***...]
Gold:   479        SH:  4    Dex: 15    Spells: 20/34 levels left

rFire    . . .     SeeInvis +   q - +2 dagger (elec)
rCold    . . .     Gourm    .   B - +0 buckler
rNeg     . . .     Faith    .   w - +0 leather armour {MR+}
rPois    +         Spirit   .   P - +0 helmet
rElec    .         Reflect  .   (no cloak)
rCorr    +         Harm     .   (no gloves)
MR       +....                  F - +2 pair of boots
Stlth    +++.......             x - amulet of magic regeneration
HPRegen  0.20/turn              O - ring of Xops {rPois MR- Str+4 SInv Stlth+}
MPRegen  0.46/turn              o - ring of resist corrosion

@: no status effects
A: no striking features
a: Renounce Religion


You were on level 10 of the Dungeon.
You worshipped Vehumet.
Vehumet was most pleased with you.
You were not hungry.

You visited 2 branches of the dungeon, and saw 11 of its levels.

You collected 629 gold pieces.
You spent 150 gold pieces at shops.

Inventory:

Hand Weapons
 q - a +2 dagger of electrocution (weapon)
 E - a +2 vampiric dagger
Armour
 w - a +0 leather armour of magic resistance (worn)
 A - a +1 cloak
 B - a +0 buckler (worn)
 F - a +2 pair of boots (worn)
 P - a +0 helmet (worn)
Jewellery
 f - an uncursed amulet of regeneration
 o - a ring of resist corrosion (right hand)
 x - an amulet of magic regeneration (around neck)
 J - an uncursed ring of see invisible
 N - an uncursed ring of poison resistance {unknown}
 O - the ring of Xops (left hand) {rPois MR- Str+4 SInv Stlth+}
   (You bought it in a shop on level 9 of the Dungeon)

   [ring of see invisible]

   It affects your strength (+4).
   It protects you from poison.
   It affects your resistance to hostile enchantments.
   It lets you see invisible.
   It makes you more stealthy.
Wands
 a - a wand of acid (9)
 y - a wand of paralysis (4)
 C - a wand of random effects (32)
 K - a wand of iceblast (6)
Scrolls
 b - a scroll of noise {unknown}
 d - 3 scrolls of amnesia
 g - 3 scrolls of enchant armour {unknown}
 h - 2 scrolls of remove curse
 j - 2 scrolls of teleportation
 k - 2 scrolls of blinking {unknown}
 s - 2 scrolls of enchant weapon {unknown}
 t - 5 scrolls of identify
 z - a scroll of fog {unknown}
 G - 4 scrolls of random uselessness {unknown}
 H - a scroll of fear {unknown}
 L - 2 scrolls of immolation {unknown}
 M - 2 scrolls of magic mapping {unknown}
Potions
 e - 4 potions of heal wounds
 i - 4 potions of curing
 l - 2 potions of brilliance {unknown}
 m - a potion of agility
 n - 3 potions of lignification {unknown}
 p - 2 potions of resistance {unknown}
 r - 4 potions of mutation {unknown}
 u - 2 potions of berserk rage
 v - 4 potions of degeneration {unknown}
 D - 2 potions of flight
 I - a potion of might {unknown}
Comestibles
 c - 24 rations


   Skills:
 + Level 3.1 Fighting
 + Level 2.1 Armour
 + Level 6.5 Dodging
 - Level 2.4 Stealth
 + Level 2.1 Shields
 - Level 12.0 Spellcasting
 - Level 10.0 Conjurations
 - Level 7.6 Hexes
 - Level 6.0 Charms
 - Level 5.0 Necromancy
 - Level 3.2 Translocations


You had 20 spell levels left.
You knew the following spells:

 Your Spells              Type           Power        Failure   Level  Hunger
a - Magic Dart            Conj           ####         1%          1    None
b - Iskenderun's Mystic   Conj           ######..     1%          4    None
c - Fulminant Prism       Conj/Hex       #####.....   1%          4    None
d - Regeneration          Chrm/Necr      #####.....   2%          3    None
e - Blink                 Tloc           N/A          3%          2    None

Your spell library contained the following spells:

 Spells                   Type           Power        Failure   Level  Hunger
 Inner Flame              Hex/Fire       ####....     1%          3    None
 Animate Skeleton         Necr           N/A          1%          1    None
 Confusing Touch          Hex            #####.       1%          1    None
 Infusion                 Chrm           ####         1%          1    None
 Shock                    Conj/Air       ####         1%          1    None
 Searing Ray              Conj           ######       1%          2    None
 Shroud of Golubria       Chrm/Tloc      ####..       1%          2    None
 Slow                     Hex            #####...     1%          2    None
 Song of Slaying          Chrm           #####...     1%          2    None
 Conjure Flame            Conj/Fire      ####....     1%          3    None
 Dazzling Spray           Conj/Hex       #####.       1%          3    None
 Mephitic Cloud           Conj/Pois/Air  ####....     1%          3    None
 Spectral Weapon          Hex/Chrm       #####...     1%          3    None
 Force Lance              Conj/Tloc      #####...     1%          4    None
 Apportation              Tloc           ####..       2%          1    None
 Summon Small Mammal      Summ           ##..         9%          1    None
 Call Imp                 Summ           ##......     13%         2    None


Dungeon Overview and Level Annotations

Branches:
Dungeon (10/15)            Temple (1/1) D:7            Lair (0/6) D:9
    Orc: D:9-12

Altars:
Ashenzari
Cheibriados
Elyvilon
Nemelex Xobeh
Okawaru
Sif Muna
Trog
Vehumet
Wu Jian
Yredelemnul
The Shining One

Shops:
D:5 %   D:7 (   D:9 *


Message History

A hippogriff comes into view.
The orc priest miscasts a cantrip.
Your fulminant prism crackles loudly.
The orc warrior throws a boomerang.
The boomerang hits you.
You hear an explosion!
The blast of energy engulfs the orc warrior!
You kill the orc warrior!
Vehumet accepts your kill.
You feel your power returning. Vehumet accepts your kill.
You feel your power returning.
You feel a bit more experienced.
The blast of energy engulfs the hippogriff!
The hippogriff is moderately wounded.
The blast of energy engulfs the gnoll!!
You kill the gnoll!
Vehumet accepts your kill.
Vehumet is now aiding your destructive spells.
You feel your power returning. The blast of energy engulfs you!!
Ouch! That really hurt!
You die...

.............#
#..# #..###..
.............#
#..# #...#...
.............#
#..######.......
....##'##....#
#..†)...........
....#...#....#
#.).............
....#...#....#
#.........#####(
##############
#.....<...# #.
#####.........#
#.
#..@..........#
#.#########...#
..oOWH)*# ....
...#.)### ###
#.. ... ####


You could see a hippogriff.

Vanquished Creatures
  Josephine (D:10)
  A two-headed ogre (D:10)
  Maurice (D:10)
  2 trolls (D:10)
  A hippogriff (D:7)
  5 wraiths (D:10)
  2 yaks (D:10)
  A human (D:7)
  4 hogs
  A wyvern (D:9)
  A water moccasin (D:7)
  2 phantoms
  3 black bears
  6 orc warriors
  3 sky beasts
  2 ogres
  A necrophage (D:5)
  2 centaurs
  A gnoll sergeant (D:10)
  8 bullfrogs
  3 scorpions
  6 killer bees (D:10)
  3 wights (D:9)
  A howler monkey (D:4)
  2 crimson imps (D:8)
  2 jellies
  Crazy Yiuf (D:3)
  2 orc priests
  6 hounds
  5 orc wizards
  A bullfrog skeleton (D:6)
  Jessica (D:3)
  2 iguanas
  Terence (D:3)
  3 worker ants
  2 hound skeletons
  9 gnolls
  13 adders
  5 worms
  3 dart slugs
  6 leopard geckos
  24 orcs
  7 bats
  6 giant cockroaches
  14 goblins
  6 hobgoblins
  13 jackals
  12 kobolds
  2 quokkas
  3 ball pythons
  7 frilled lizards
  A jackal skeleton (D:5)
  2 jackal zombies (D:5)
  10 rats
  A fulminant prism (D:10)
233 creatures vanquished.

Vanquished Creatures (others)
  42 fulminant prisms
42 creatures vanquished.

Grand Total: 275 creatures vanquished

Notes
Turn   | Place    | Note
-------+----------+-------------------------------------------
     0 | D:1      | Norian the Deep Elf Conjurer began the quest for the Orb.
     0 | D:1      | Reached XP level 1. HP: 10/10 MP: 6/6
   112 | D:1      | Reached XP level 2. HP: 15/15 MP: 4/8
   658 | D:1      | Reached skill level 4 in Spellcasting
   935 | D:1      | Reached skill level 5 in Conjurations
   935 | D:1      | Reached XP level 3. HP: 19/19 MP: 7/10
  1715 | D:2      | Reached XP level 4. HP: 24/24 MP: 3/12
  2298 | D:3      | Found an ornate altar of the Wu Jian Council.
  2315 | D:3      | Reached skill level 5 in Spellcasting
  2427 | D:3      | Learned a level 4 spell: Iskenderun's Mystic Blast
  2432 | D:3      | Learned a level 4 spell: Fulminant Prism
  2670 | D:3      | Noticed Terence
  2679 | D:3      | Killed Terence
  2679 | D:3      | Reached XP level 5. HP: 28/28 MP: 1/14
  2974 | D:3      | Noticed Jessica
  2976 | D:3      | Killed Jessica
  3042 | D:3      | Found a shimmering blue altar of Sif Muna.
  3055 | D:3      | Reached skill level 1 in Hexes
  3160 | D:3      | Found a runed translucent door.
  3161 | D:3      | Noticed Crazy Yiuf
  3371 | D:3      | Killed Crazy Yiuf
  3371 | D:3      | Reached skill level 6 in Spellcasting
  3560 | D:4      | Reached XP level 6. HP: 32/32 MP: 6/17
  4197 | D:5      | Entered Level 5 of the Dungeon
  4216 | D:5      | Found Woeguu's Food Boutique.
  4280 | D:5      | Noticed a sky beast
  4296 | D:5      | Killed a sky beast
  4296 | D:5      | Reached XP level 7. HP: 32/36 MP: 3/19
  4496 | D:5      | Reached skill level 7 in Spellcasting
  4572 | D:5      | Found a basalt altar of Yredelemnul.
  4986 | D:6      | Reached skill level 5 in Hexes
  5387 | D:6      | Reached skill level 8 in Spellcasting
  5420 | D:6      | Learned a level 3 spell: Regeneration
  5727 | D:7      | Noticed a hog
  5727 | D:7      | Noticed a human
  5727 | D:7      | Noticed a hog
  5727 | D:7      | Noticed a hog
  5728 | D:7      | Noticed a hog
  5738 | D:7      | Killed a hog
  5738 | D:7      | Reached XP level 8. HP: 41/41 MP: 5/22
  5774 | D:6      | Reached skill level 9 in Spellcasting
  5919 | D:7      | Found a staircase to the Ecumenical Temple.
  5938 | Temple   | Entered the Ecumenical Temple
  5977 | Temple   | Became a worshipper of Vehumet
  6065 | D:7      | Noticed a hippogriff
  6254 | D:7      | Killed a hippogriff
  6254 | D:7      | Reached skill level 1 in Charms
  6254 | D:7      | Reached skill level 1 in Necromancy
  6254 | D:7      | Reached XP level 9. HP: 9/45 MP: 7/24
  6548 | D:7      | Found Oryiten's Weapon Boutique.
  6847 | D:7      | Found an iron altar of Okawaru.
  6873 | D:7      | Found a bloodstained altar of Trog.
  7111 | D:8      | Learned a level 2 spell: Blink
  7162 | D:8      | Reached skill level 10 in Spellcasting
  7555 | D:3      | Identified Sif Muna's Handbook of the Birds
  8477 | D:9      | Found a staircase to the Lair.
  8484 | D:9      | Reached * piety under Vehumet
  8484 | D:9      | Offered knowledge of Freeze by Vehumet.
  8520 | D:9      | Reached skill level 5 in Charms
  8575 | D:9      | Reached skill level 10 in Conjurations
  8683 | D:9      | Reached skill level 5 in Necromancy
  8683 | D:9      | Reached XP level 10. HP: 50/50 MP: 20/26
  8695 | D:9      | Found Redyuv's Assorted Antiques.
  8703 | D:9      | Bought a shimmering brass ring for 150 gold pieces
  8704 | D:9      | Identified the ring of Xops {rPois MR- Str+4 SInv Stlth+}
                  | (You bought it in a shop on level 9 of the Dungeon)
  8791 | D:9      | Reached skill level 11 in Spellcasting
  9123 | D:10     | Entered Level 10 of the Dungeon
  9173 | D:10     | Reached skill level 1 in Translocations
  9339 | D:10     | Noticed Maurice
  9344 | D:10     | Killed Maurice
  9350 | D:10     | Noticed Josephine
  9428 | D:10     | Reached ** piety under Vehumet
  9451 | D:10     | Offered knowledge of Sting by Vehumet.
  9455 | D:10     | Killed Josephine
  9455 | D:10     | Reached skill level 1 in Fighting
  9455 | D:10     | Reached skill level 5 in Dodging
  9457 | D:10     | Noticed a two-headed ogre
  9570 | D:10     | Found a glowing golden altar of the Shining One.
  9685 | D:10     | Reached skill level 12 in Spellcasting
  9905 | D:10     | Killed a two-headed ogre
  9905 | D:10     | Reached skill level 1 in Armour
  9905 | D:10     | Reached skill level 1 in Shields
 10097 | D:10     | Reached XP level 11. HP: 39/59 MP: 13/29
 10223 | D:10     | Found a sparkling altar of Nemelex Xobeh.
 10316 | D:10     | Offered knowledge of Inner Flame by Vehumet.
 10336 | D:10     | Noticed a two-headed ogre
 10341 | D:10     | Reached *** piety under Vehumet
 10341 | D:10     | Killed by an exploding fulminant prism

Levels and vault maps discovered:
D:1:      co_arrival_two_rings, layout_basic, chequers_serial_rivers_micro_e
D:2:      minmay_razor_zed, layout_basic, first_ration
D:3:      layout_basic, led_sif_book, nicolae_overflow_crystal_walls,
          uniq_jessica, uniq_terence, uniq_crazy_yiuf_cottage
D:4:      layout_loops_cross
D:5:      layout_gridville, serial_shops, shop, columned_hall_lemuel,
          chequers_arboretum, hangedman_decor_lopped, grunt_ministairs_2,
          yredelemnul_altar_generic
D:6:      layout_loops_cross
D:7:      layout_rooms, grunt_temple_overflow_bloody_war,
          minmay_temple_entry_mini_moons, serial_shops, shop, grunt_livestock,
          chequers_avenue
D:8:      mumra_celtic_spiral_tile, layout_cave_pods,
          hangedman_abyss_or_decor_slice
D:9:      layout_small_grid, lair_entry_dummy, serial_shops,
          nicolae_shop_temple_entry_statues_fountains
D:10:     layout_irregular_city, erik_orc_1, basic_altar,
          minmay_strange_pillars, hangedman_abyss_or_decor_clamps,
          nemelex_altar_shiori, uniq_josephine, uniq_maurice
Temple:   dpeg_five_rooms_temple

Skill      XL: |  1  2  3  4  5  6  7  8  9 10 11 |
---------------+----------------------------------+-----
Spellcasting   | 4 5 6 8 9 10 12 | 12.0
Conjurations   | 5 6 7 9 10 | 10.0
Hexes          | 2 3 5 7 |  7.6
Charms         | 1 5 6 |  6.0
Necromancy     | 1 5 |  5.0
Translocations | 3 |  3.2
Dodging        | 6 |  6.5
Fighting       | 2 3 |  3.1
Armour         | 1 2 |  2.1
Shields        | 1 2 |  2.1
Stealth        | |  2.4

Action                   |  1- 3 |  4- 6 |  7- 9 | 10-12 || total
-------------------------+-------+-------+-------+-------++-------
Melee: Dagger            |       |     4 |    12 |     2 ||    18
 Cast: Magic Dart        |    93 |    78 |   160 |    58 ||   389
       Fulminant Prism   |       |     9 |    18 |    17 ||    44
       Iskenderun's Myst |       |     5 |    39 |    48 ||    92
       Blink             |       |       |       |     3 ||     3
       Regeneration      |       |       |       |     1 ||     1
Evoke: Wand              |       |       |     4 |     1 ||     5
  Use: Potion            |       |       |     3 |       ||     3
       Scroll            |       |       |     4 |     1 ||     5
  Eat: Chunk             |     2 |     6 |    17 |     3 ||    28
       Ration            |       |     1 |       |     1 ||     2
Armor: Robe              |     1 |     2 |    18 |     2 ||    23
Dodge: Dodged            |     4 |     7 |    45 |    23 ||    79
Block: Buckler           |       |       |       |     1 ||     1
